 Dungeon Crawl Stone Soup version 0.21.1-1-g345015f (webtiles) character file.

168 Mirai the Magician (level 5, 0/28 HPs)
             Began as a Deep Elf Conjurer on Apr 4, 2018.
             Slain by Lidrolic's ghost (11 damage)
             ... on level 3 of the Dungeon.
             The game lasted 00:06:09 (1994 turns).

Mirai the Magician (Deep Elf Conjurer)              Turns: 1994, Time: 00:06:09

Health: 0/28       AC:  2    Str:  5    XL:     5   Next: 23%
Magic:  1/16       EV: 13    Int: 21    God:
Gold:   108        SH:  0    Dex: 15    Spells: 15/18 levels left

rFire    . . .     SeeInvis .   f - +0 long sword
rCold    . . .     Gourm    .   (no shield)
rNeg     . . .     Faith    .   a - +0 robe
rPois    .         Spirit   .   (no helmet)
rElec    .         Reflect  .   (no cloak)
rCorr    .         Harm     .   (no gloves)
MR       .....                  (no boots)
Stlth    ++........             (no amulet)
HPRegen  0.09/turn              (no ring)
MPRegen  0.15/turn              (no ring)

@: no status effects
A: no striking features
a: no special abilities


You were on level 3 of the Dungeon.
You were not hungry.

You visited 1 branch of the dungeon, and saw 3 of its levels.

You collected 108 gold pieces.

Inventory:

Hand Weapons
 f - a +0 long sword (weapon)
Armour
 a - a +0 robe (worn)
Scrolls
 d - 6 scrolls of identify {unknown}
 e - a scroll of random uselessness {unknown}
 g - 2 scrolls of teleportation {unknown}
 h - a scroll of remove curse {unknown}
Potions
 k - a potion of curing {unknown}
Books
 b - a book of Conjurations

   Spells                             Type                      Level
   a - Magic Dart                     Conjuration                  1
   b - Searing Ray                    Conjuration                  2
   c - Dazzling Spray                 Conjuration/Hexes            3
   d - Fulminant Prism                Conjuration/Hexes            4
   e - Force Lance                    Conjuration/Translocation    4
   f - Iskenderun's Mystic Blast      Conjuration                  4
Comestibles
 c - 5 rations
 i - 3 chunks of flesh


   Skills:
 - Level 2.4 Dodging
 - Level 2.4 Stealth
 + Level 7.4 Spellcasting
 - Level 4.3 Conjurations


You had 15 spell levels left.
You knew the following spells:

 Your Spells              Type           Power        Failure   Level  Hunger
a - Magic Dart            Conj           ####         1%          1    None
b - Searing Ray           Conj           ####..       1%          2    None


Dungeon Overview and Level Annotations

Branches:
Dungeon (3/15)

Altars:

Annotations:
D:3 Lidrolic's ghost, amateur HuFi


Message History

Lidrolic's ghost is severely damaged.
Lidrolic's ghost barely misses you.
You riposte.
You closely miss Lidrolic's ghost.
Lidrolic's ghost is severely damaged.
The searing ray hits Lidrolic's ghost.
Lidrolic's ghost is severely damaged.
You finish channeling your searing ray.
Lidrolic's ghost closely misses you.
You riposte.
You hit Lidrolic's ghost but do no damage.
Lidrolic's ghost is severely damaged.
Casting: Searing Ray
Confirm with . or Enter, or press ? or * to list all spells.
Aiming: Searing Ray
Press: ? - help, Shift-Dir - straight line, f/p - Lidrolic's ghost
Aim: Lidrolic's ghost (severely damaged)
The searing ray hits Lidrolic's ghost.
Lidrolic's ghost is severely damaged. (Press . to maintain the ray.) Lidrolic's ghost hits you!
You die...

.............#
###.########.#
#.# #.# #.#
#.# #.# #.#
### #.#
#.###.## #.#
#.##.#.## #.
#.#.###.##
#....@##.#
###.#W#.##
##...## ##.##
#.# #.# #.#
..# #.#


You could see Lidrolic's ghost.

Vanquished Creatures
  A howler monkey (D:2)
  3 adders
  4 gnolls
  3 worms (D:2)
  2 dart slugs
  A leopard gecko (D:2)
  An orc (D:3)
  9 bats
  A giant cockroach (D:2)
  9 goblins
  4 hobgoblins
  7 kobolds
  A quokka (D:2)
  A ball python (D:1)
  2 frilled lizards (D:2)
  4 rats
53 creatures vanquished.

Notes
Turn   | Place    | Note
-------+----------+-------------------------------------------
     0 | D:1      | Mirai the Deep Elf Conjurer began the quest for the Orb.
     0 | D:1      | Reached XP level 1. HP: 10/10 MP: 6/6
     9 | D:1      | Reached skill level 4 in Spellcasting
     9 | D:1      | Reached XP level 2. HP: 15/15 MP: 0/9
    13 | D:1      | Learned a level 2 spell: Searing Ray
   597 | D:1      | Reached XP level 3. HP: 19/19 MP: 9/11
   715 | D:2      | Reached skill level 5 in Spellcasting
   728 | D:2      | Reached XP level 4. HP: 24/24 MP: 4/13
   729 | D:2      | Reached skill level 6 in Spellcasting
  1413 | D:2      | Found a faded altar of an unknown god.
  1417 | D:2      | Reached skill level 7 in Spellcasting
  1417 | D:2      | Reached XP level 5. HP: 24/28 MP: 10/16
  1706 | D:3      | Noticed Lidrolic's ghost (amateur HuFi)
  1994 | D:3      | Slain by Lidrolic's ghost

Skill      XL: |  1  2  3  4 |
---------------+-------------+-----
Spellcasting   | 4 5 7 |  7.4
Dodging        | |  2.4
Stealth        | |  2.4
Conjurations   | |  4.3

Action                   |  1- 3 |  4- 6 || total
-------------------------+-------+-------++-------
Melee: Hand axe          |     2 |       ||     2
       Long sword        |       |     2 ||     2
 Cast: Magic Dart        |    38 |    48 ||    86
       Searing Ray       |     1 |    12 ||    13
  Use: Potion            |       |     1 ||     1
  Eat: Chunk             |       |     3 ||     3
Armor: Robe              |    11 |     4 ||    15
Dodge: Dodged            |    17 |    25 ||    42
       Rpst.: Long sword |       |    11 ||    11
